Cogmind - Beta 13 @@@ ROGUE MODE // 2024.04.05 @ 10:26:31 Player: SuperDrops Result: Destroyed by LQ-Y9E(R) with Subdweller Machine Gun Performance ------------- Evolutions (0) 0 Regions Visited (3) 600 Robots Destroyed (17) 85 Value Destroyed (489) 489 Prototype IDs (0) 0 Alien Tech Used (0) 0 Bonus (25) 25 TOTAL SCORE: 1199 Bonus ------- Follower Combat Kills 25 Cogmind --------- Core Integrity 0/250 Matter 288/300 Energy 158/160 System Corruption 0% Temperature Cool (0) Movement Walking (190) Ox1 Location -10/Subcaves Parts ------- > --- POWER (1) -------- Light Nuclear Core > --- PROPULSION (2) --- Aluminum Leg Aluminum Leg > --- UTILITY (2) ------ Large Storage Unit Signal Interpreter > --- WEAPON (2) ------- Heavy Assault Rifle Heavy Assault Rifle > --- INVENTORY (15) --- Ion Engine Wheel Experimental Sensor Array Terrain Scan Processor Targeting Computer EM Pulse Gun Heavy EM Pulse Gun Heavy EM Pulse Gun Heavy EM Pulse Gun Heavy Assault Rifle Heavy Assault Rifle Heavy Assault Rifle Heavy Assault Rifle Light Cannon Flamer Peak State ------------ > --- POWER ------------ Light Nuclear Core > --- PROPULSION ------- Aluminum Leg Aluminum Leg > --- UTILITY ---------- Large Storage Unit Signal Interpreter > --- WEAPON ----------- Heavy Assault Rifle Heavy Assault Rifle > --- INVENTORY -------- Ion Engine Wheel Experimental Sensor Array Terrain Scan Processor Targeting Computer EM Pulse Gun Heavy EM Pulse Gun Heavy EM Pulse Gun Heavy EM Pulse Gun Heavy EM Pulse Gun Heavy Assault Rifle Heavy Assault Rifle Heavy Assault Rifle Heavy Assault Rifle Light Cannon [Rating: 14] Favorites ----------- Power Ion Engine Engine Ion Engine Power Core Light Nuclear Core Propulsion Aluminum Leg Treads Light Treads Leg Aluminum Leg Wheel Wheel Utility Large Storage Unit Storage Large Storage Unit Processor Signal Interpreter Weapon Heavy EM Pulse Gun Energy Gun Heavy EM Pulse Gun Ballistic Gun Heavy Assault Rifle Ballistic Cannon Light Cannon Build | -11 -10 -10 -10 ------- Run | Yrd Mat Min Sub Slots Evolved . | . . . . Power . | . . . . Propulsion . | . . . . Utility . | . . . . Weapon . | . . . . Parts Attached 21 | 6 11 4 . Power 3 | 1 1 1 . Engine 2 | 1 1 . . Core 1 | . . 1 . Reactor . | . . . . Propulsion 6 | 2 4 . . Treads 2 | 2 . . . Leg 2 | . 2 . . Wheel 2 | . 2 . . Hover . | . . . . Flight . | . . . . Utility 3 | 1 2 . . Device . | . . . . Storage 2 | 1 1 . . Processor 1 | . 1 . . Hackware . | . . . . Protection . | . . . . Artifact . | . . . . Weapon 9 | 2 4 3 . Energy Gun 4 | . 4 . . Energy Cannon . | . . . . Ballistic Gun 4 | 2 . 2 . Ballistic Cannon 1 | . . 1 . Launcher . | . . . . Special Weapon . | . . . . Impact Weapon . | . . . . Slashing Weapon . | . . . . Piercing Weapon . | . . . . Special Melee Weapon . | . . . . Unidentified Prototypes . | . . . . Parts Lost 7 | . 7 . . Power 1 | . 1 . . Propulsion 4 | . 4 . . Utility . | . . . . Weapon 2 | . 2 . . Highest Loss Streak 3 | . 3 . . To Critical Strikes . | . . . . Average Slot Usage (%) 93 | . 82 100 100 Engine 6 | . 10 5 . Core 6 | . . 8 14 Treads 2 | . 6 . . Leg 23 | . 15 28 28 Wheel 1 | . 3 . . Storage 14 | . 14 14 14 Processor 11 | . 7 14 14 Energy Gun 13 | . 15 15 . Ballistic Gun 13 | . 9 12 28 Naked Turns . | . . . . Heaviest Build 31 | 13 31 31 31 Greatest Support 40 | 40 40 20 20 Greatest Overweight (x) 2 | . 2 1 1 Average Overweight (x) . | . . 1 1 Largest Inventory Capacity 15 | 8 15 15 15 Average Capacity 14 | 7 14 15 15 Most Carried 15 | 6 12 15 15 Average Carried 11 | 3 7 13 14 Final Capacity 15 | 8 15 15 15 Final Carried 15 | 6 12 15 15 Class Distribution -------------------- 100% | Mutant Dominant Class ---------------- Mutant | -10/Materials Mutant | -10/Mines Mutant | -10/Subcaves Resources | -11 -10 -10 -10 ----------- Run | Yrd Mat Min Sub Matter Collected 594 | 237 269 88 . Remotely . | . . . . Salvage Created 521 | . 304 217 . Parts 38 | . 23 15 . Haulers Intercepted . | . . . . Recyclers Shooed . | . . . . Parts Field Recycled . | . . . . Retrieved Matter . | . . . . Parts Self-Destructed . | . . . . Prevented . | . . . . Kills | -11 -10 -10 -10 ------- Run | Yrd Mat Min Sub Combat Hostiles Destroyed 13 | . 6 7 . Guns 12 | . 5 7 . AOE 1 | . 1 . . Classes Destroyed 5 | . 4 1 . Builder 1 | . 1 . . Mechanic 1 | . 1 . . Watcher 2 | . 2 . . Swarmer 3 | . . 3 . Grunt 10 | . 6 4 . Best Kill Streak 3 | . 3 3 . Combat Bots Only 3 | . 2 3 . Max Kills in Single Turn 3 | . 3 1 . Gunslinging . | . . . . Exploded 1 | . 1 . . Melee . | . . . . Uniques/NPCs Destroyed . | . . . . Combat | -11 -10 -10 -10 -------- Run | Yrd Mat Min Sub Hostile Shots Fired 129 | . 83 36 10 Missed 41 | . 23 16 2 Damage Taken 1280 | . 918 189 173 Core 267 | . 157 45 65 Absorbed by Shields . | . . . . Core Remaining (%) 100 | 100 . . . Volleys Fired 86 | . 66 18 2 Largest 2 | . 2 2 2 Hottest 90 | . 90 90 46 Shots Fired 125 | . 85 36 4 Gun 125 | . 85 36 4 Cannon . | . . . . Launcher . | . . . . Special . | . . . . Kinetic 87 | . 67 16 4 Thermal 1 | . 1 . . Explosive . | . . . . Electromagnetic 37 | . 17 20 . Robot Hit Streak 6 | . 6 3 2 Robot Miss Streak 7 | . 7 3 2 Penetration Max . | . . . . Secondary Targets 1 | . 1 . . Max Gunslinging Chain 1 | . 1 . . Shots Hit Robots 61 | . 43 16 2 Core Hits 28 | . 20 8 . Critical Kills . | . . . . Critical Parts Destroyed . | . . . . Critical Strikes 2 | . 1 1 . Corrupt 2 | . 1 1 . Melee Attacks . | . . . . Impact . | . . . . Slashing . | . . . . Piercing . | . . . . Sneak Attacks . | . . . . Combat Hostiles . | . . . . Follow-up Attacks . | . . . . Damage Inflicted 1132 | . 855 238 39 Guns 855 | . 578 238 39 Cannons . | . . . . Explosions 277 | . 277 . . Melee . | . . . . Ramming . | . . . . Kinetic 475 | . 366 70 39 Thermal 289 | . 289 . . Explosive . | . . . . Electromagnetic 368 | . 200 168 . Impact . | . . . . Slashing . | . . . . Piercing . | . . . . Highest Corruption . | . . . . Average Corruption . | . . . . Corruption Purged . | . . . . Corruption Blocked . | . . . . Overload Shots . | . . . . Overflow Damage 41 | . 41 . . Projectiles . | . . . . Explosions 41 | . 41 . . Melee . | . . . . Knockbacks . | . . . . Impact . | . . . . Kinetic . | . . . . Secondary . | . . . . Self-Inflicted Damage 164 | . 164 . . Shots 2 | . 2 . . Rammed . | . . . . Targets Rammed . | . . . . Kicked . | . . . . Crushed . | . . . . Highest Temperature 210 | . 60 210 . Average Temperature 46 | . 12 74 . Received Heat Transfer 483 | . 441 42 . Siege Activations . | . . . . Robots Corrupted . | . . . . Combat Hostiles . | . . . . Parts Fried 3 | . 2 1 . Impact Corruptions . | . . . . Robots Melted . | . . . . Combat Hostiles . | . . . . Parts Melted 1 | . 1 . . Heat Transferred 375 | . 375 . . Parts Sabotaged . | . . . . Parts Stolen . | . . . . Parts Stripped . | . . . . Power Chain Reactions 3 | . 3 . . Alert | -11 -10 -10 -10 ------- Run | Yrd Mat Min Sub Peak Influence 137 | . 137 90 . Initial . | . . . . Average 39 | . 42 41 . Maximum Alert Level . | . . . . Low Security (%) 100 | 100 100 100 . Level 1 . | . . . . Level 2 . | . . . . Level 3 . | . . . . Level 4 . | . . . . Level 5 . | . . . . High Security . | . . . . Max Security . | . . . . Squads Dispatched 1 | . 1 . . Investigation . | . . . . Extermination . | . . . . Reinforcement 1 | . 1 . . Assault . | . . . . Garrison . | . . . . Intercept . | . . . . Searches Triggered . | . . . . Construction Impeded . | . . . . Haulers Reinforced . | . . . . Active Scanning Responses . | . . . . Cargo Convoy Interrupts . | . . . . Stealth | -11 -10 -10 -10 --------- Run | Yrd Mat Min Sub Distress Signals 3 | . 3 . . Communications Jammed . | . . . . Distress Signals . | . . . . Times Spotted 25 | . 12 10 3 Peak Tracking Total 3 | . 3 3 3 Tactical Retreats . | . . . . Traps | -11 -10 -10 -10 ------- Run | Yrd Mat Min Sub Traps Triggered . | . . . . Indirectly . | . . . . Trap Hack Attempts . | . . . . Triggered . | . . . . Disarmed . | . . . . Reprogrammed . | . . . . Reused . | . . . . Traps Extracted . | . . . . Installed . | . . . . Triggered . | . . . . Machines | -11 -10 -10 -10 ---------- Run | Yrd Mat Min Sub Machines Disabled 3 | . 2 1 . Max in Single Turn 2 | . 2 1 . Machines Repaired . | . . . . Machines Dismantled . | . . . . Machines Sabotaged . | . . . . Overloaded Fab Kills . | . . . . Hacking | -11 -10 -10 -10 --------- Run | Yrd Mat Min Sub Machines Accessed . | . . . . Terminals . | . . . . Fabricators . | . . . . Repair Stations . | . . . . Recycling Units . | . . . . Scanalyzers . | . . . . Garrison Access . | . . . . Total Hacks . | . . . . Successful . | . . . . Failed . | . . . . Catastrophic . | . . . . Database Lockouts . | . . . . Manual . | . . . . Terminals . | . . . . Fabricators . | . . . . Repair Stations . | . . . . Recycling Units . | . . . . Scanalyzers . | . . . . Garrison Access . | . . . . Terminal Hacks . | . . . . Fabricator Hacks . | . . . . Repair Station Hacks . | . . . . Recycling Unit Hacks . | . . . . Scanalyzer . | . . . . Garrison Access Hacks . | . . . . Unauthorized Hacks . | . . . . Terminals . | . . . . Fabricators . | . . . . Repair Stations . | . . . . Recycling Units . | . . . . Scanalyzers . | . . . . Garrison Access . | . . . . Data Cores Recovered . | . . . . Used . | . . . . Hacking Detections . | . . . . Full Trace Events . | . . . . Feedback Events . | . . . . Feedback Blocked . | . . . . Robot Schematics Acquired . | . . . . Robots Built . | . . . . Authchips . | . . . . Time . | . . . . Total Robot Build Rating . | . . . . Part Schematics Acquired . | . . . . Parts Built . | . . . . Authchips . | . . . . Time . | . . . . Total Part Build Rating . | . . . . Parts Repaired . | . . . . Time . | . . . . Parts Recycled . | . . . . Recycled Matter . | . . . . Retrieved Matter . | . . . . Retrieved Components . | . . . . Parts Scanalyzed . | . . . . Part Schematics Acquired . | . . . . Parts Damaged . | . . . . Bothacking | -11 -10 -10 -10 ------------ Run | Yrd Mat Min Sub Used RIF Installer . | . . . . Robots Hacked . | . . . . Non-combat . | . . . . Combat . | . . . . Robot Hacks Applied . | . . . . Relay Couplers Released . | . . . . Fabnet Peak Effective % . | . . . . Robots Rewired . | . . . . Allies Hacked . | . . . . Hacks Repelled . | . . . . Allies | -11 -10 -10 -10 -------- Run | Yrd Mat Min Sub Total Allies 2 | . . 2 . Largest Group 2 | . . 2 2 Highest-Rated Group 46 | . . 46 46 Highest-Rated Ally 31 | . . 31 31 Total Orders . | . . . . Ally Attacks 12 | . . 6 6 Total Damage 248 | . . 120 128 Kills 3 | . . 3 . Allies Corrupted . | . . . . Allies Melted . | . . . . Intel | -11 -10 -10 -10 ------- Run | Yrd Mat Min Sub Robot Analysis Total . | . . . . Derelict Logs Recovered 2 | . . 1 1 Drone Launches . | . . . . Drone Recoveries . | . . . . Exploration | -11 -10 -10 -10 ------------- Run | Yrd Mat Min Sub Turns Passed 2483 | 111 842 1327 203 Spaces Moved 1211 | 60 383 664 104 Core 2 | 2 . . . Treads 154 | 58 96 . . Legs 992 | . 224 664 104 Wheels 63 | . 63 . . Hover . | . . . . Flight . | . . . . Fastest Speed 50 | 50 95 190 190 Average Speed 182 | 156 172 190 190 Slowest Speed 260 | 160 260 190 190 Overloaded Moves . | . . . . Propulsion Burnouts . | . . . . Robots Hopped . | . . . . Cave-ins Triggered . | . . . . Exploration Rate (%) 45 | 4 69 101 8 Regions Visited 3 Branch Regions 2 Pre-discovered Areas . | . . . . Known Exits Taken 2 | . 1 1 . Unknown Exits Taken 1 | 1 . . . Scrap Searched 4 | . . 2 2 Spaces Dug . | . . . . Terrain Destroyed 54 | . 54 . . Melee . | . . . . Projectile . | . . . . AOE 54 | . 54 . . Terrain Rammed . | . . . . Walls Destroyed . | . . . . Machines Disabled . | . . . . Actions | -11 -10 -10 -10 --------- Run | Yrd Mat Min Sub Total 1358 | 77 481 692 108 Wait 8 | . 6 2 . Move 1208 | 59 382 663 104 Hop . | . . . . Pick Up 32 | 12 15 4 1 Fast Attach . | . . . . Attach 15 | 6 9 . . Detach . | . . . . Swap 6 | . 2 4 . Drop 3 | . 1 1 1 Fire 86 | . 66 18 2 Melee . | . . . . Ram . | . . . . Kick . | . . . . Crush . | . . . . Escape Stasis . | . . . . Rewire . | . . . . Trap . | . . . . Miscellaneous . | . . . . Route ------- -11/Scrapyard -10/Materials (discovered 3 exits: *Mat x2 / *Min) -10/Mines (discovered 3 exits: *Mat x2 / *Sub) -10/Subcaves History --------- Turn | Location | Event 14 | -11/Scrapyard | Discovered new exit (range 14) 112 | -11/Scrapyard | Entered Materials 127 | -10/Materials | Discovered new exit (range 15) 304 | -10/Materials | Build established: Mutant 381 | -10/Materials | Lost 3 parts (1p1n1w) 422 | -10/Materials | Discovered new exit (range 11) 470 | -10/Materials | Core integrity fell below 50% 518 | -10/Materials | Lost 3 parts (2n1w) 712 | -10/Materials | Identified exit to Materials 890 | -10/Materials | Discovered exit to Materials (range 7) 928 | -10/Materials | Identified exit to Mines 954 | -10/Materials | Entered Mines 981 | -10/Mines | Discovered exit to Materials (range 13) 1586 | -10/Mines | Joined a pair of Derelicts in attacking an 0b10 outpost 1667 | -10/Mines | Excavation squad dispatched 1667 | -10/Mines | A large section of the Mines collapsed 1778 | -10/Mines | Discovered exit to Materials (range 11) 1828 | -10/Mines | Core integrity fell below 20% 1988 | -10/Mines | Learned Materials terminal intel 2091 | -10/Mines | Found a damaged Exp. Sensor Array with a note attached 2095 | -10/Mines | Found Prototype Device 2265 | -10/Mines | Discovered new exit (range 8) 2279 | -10/Mines | Identified exit to Subcaves 2281 | -10/Mines | Entered Subcaves 2281 | -10/Subcaves | Accompanied by 2 allies 2286 | -10/Subcaves | Led the pair of lost Derelicts to an unsafe place 2316 | -10/Subcaves | Learned Materials security intel 2373 | -10/Subcaves | Shifting Twisted Machinery released Mak. Power Source 2388 | -10/Subcaves | Shifting Twisted Machinery released Sub. Beam Cannon 2470 | -10/Subcaves | A Subdweller sparked back to life 2470 | -10/Subcaves | A Subdweller sparked back to life 2470 | -10/Subcaves | A Subdweller sparked back to life 2484 | -10/Subcaves | Destroyed by LQ-Y9E(R) with Subdweller Machine Gun Last Messages --------------- Found Sub. Monowheel. Found 26 Matter. Searching scrap... Found Shrapnel Trap. Found Flamer. Found 20 Matter. Dropped Hvy. EM Pulse Gun. Acquired Flamer. Mak. Power Source falls loose from the Twisted Machinery. Sub. Beam Cannon falls loose from the Twisted Machinery. VG-SVO(g): "Terrible idea. Terrible." LQ-Y9E(R) creaks and sparks as it begins to move. 4S-4FW(R) creaks and sparks as it begins to move. DQ-1OU(R) creaks and sparks as it begins to move. VG-SVO(g) destroyed. Map ----- +----------------------------------------------------+ | | | | | | | ?????????????????????????????????????????????????? | | ?????????????????????????????????????????????????? | | ?????????????????????????????????????????????????? | | ?????????????????????????????????????????????????? | | ?????????????????????????????????????????????????? | | ?????????????????????????????????????????????????? | | ?????????????????????????????????????????????????? | | ?????????????????????????????????????????????????? | | ?????????????????????????????????????????????????? | | ?????????????????????????????????????????????????? | | ?????????????????????????????????????????????????? | | ?????????????????????????????????????????????????? | | ?????????????????????????????????????????????????? | | ?????????????????????????????????????????????????? | | ???????????????????#####<#<#?????????????????????? | | ???????????????????# # < ##????????????????????? | | ???????????????????# & < &#????????????????????? | | ????????????????????# #?###????????????????? | | ?????????????????????#" RR ## #????????????????? | | ??????????????????###?# #?????????????????? | | ?????????????###### ##?# R< ###"""????????????? | | ?????????????# #??# %! """""????????????? | | ?????????????# #??#@ """ "???????????? | | ??????????????# #??## ## #" "??????????? | | ??????????????# ##???# ##?###### "#???????? | | ??????????????# #????# #??## #????"###?????? | | ??????????????## ##??## #?## ##??"" "##????? | | ???????????????## #### ### ### """"???? | | ????????????????## ## ## ""* """""" ? | | ?????????????????## ## "" "] ? | | ???????????????##?# "" ?? | | ??????????????## ## #???????? | | ?????????????## # #???????? | | ?????????????# &## ##???????? | | ?????????????# %### ### ###????????? | | ?????????????## ### [ #?###??##??????????? | | ??????????????###### ##??????????????????? | | ????????????????# #####???????????????????? | | ????????????????## ##???????????????????????? | | ?????????????????## #####????????????????????? | | ????????????????### ##???????????????????? | | ????????????????# #???????????????????? | | ???????????????## #???????????????????? | | ??????????????## ### ##??????????????????? | | ?????????????## ##?## #??????????????????? | | ?????????????# #??## #??????????????????? | | ?????????????# ##### #??????????????????? | +----------------------------------------------------+ Best States ------------- Heat Dissipation 25 Energy Generation 14 Energy Capacity 250 Matter Stores 300 Matter Capacity 300 Sight Range 16 Terrain Scan Density 10 Evasion (%) 41 Recoil Reduction 2 Item Schematics ----------------- None Robot Schematics ------------------ None Fabricated ------------ Nothing Alien Tech Used ----------------- None Achievements -------------- None Challenges ------------ None Game ------ Seed AbsorptionLauncherTreads Manual? 0 Play Time 00:19:08 Cumulative 8.4 hours Start 2024.04.05 @ 10:07:16 End 2024.04.05 @ 10:26:31 Sessions 1 Manual Loads 0 Difficulty Rogue Special Mode None Game No. 29 Rogue 29 Adventurer 0 Explorer 0 Win Type - Total 0 Types 0/0/0/0/0/0/0/0/0 Lore% 13 Gallery% 10 Achievement% 10 Wizard Run 0 Options --------- Layout 1 ASCII 0 Keyboard 0 Movement Mouse Keybinds 0 Fullscreen 2 Font 24/Proggy Map View 50x35 Zoom Use 0% Tactical HUD 0 Map Filters NONE Filters NONE Steam 1 RUN: d5f1fcf2-c5ed-4dff-820e-005b3dc80334